AoeStats
← Jordan Belfort

Four Lakes

509947100Analyzed
1v1 RM · 4d ago on Sep 28, 2026· 24m 27s· 2 players
Game mode
Random Map
Map size
Tiny (2 player)
Population
200
Speed
Normal
Resources
Standard
Victory
Conquest
Starting age
Dark Age
Ending age
Imperial Age
RankedLock teamsTeams togetherTeam positionsShared explorationLock speedFull tech treeHidden civsTurbo modeCheats
Victory
Defeat
🇩🇪 Burgundians · Germany
1263
+18
🇦🇷 Dravidians · Argentina
1312
-18
Jordan Belfort
7:27 Loom
9:50 Feudal Age
9:28 Double-Bit Axe
10:46 Bow Saw
11:21 Fishing Lines
13:00 Town Watch
14:56 Gillnets
15:02 Gillnets
17:24 Scale Barding Armor
21:50 Castle Age
19:59 Horse Collar
20:58 Forging
21:52 Light Cavalry
21:54 Cavalier
23:00 Chain Barding Armor
23:38 Husbandry
24:39 Gold Mining
LVH.Zoka
2:29 Loom
9:48 Feudal Age
10:28 Double-Bit Axe
21:16 Castle Age
20:46 Gold Mining
21:24 Fletching
22:20 Thumb Ring
21:52 Crossbowman
22:40 Bodkin Arrow
22:55 Town Watch
23:43 Padded Archer Armor
Connection lost

Rejoining the realm…

Still unreachable

The connection could not be restored.

Session expired

The server has moved on; the page needs a fresh start.